 Dungeon Sprint DCSS version 0.31-a0-408-gb642c7f9a3 (webtiles) character file.

Game seed: 3088337904162316882

8061 rocky1 the Blocker (level 11, -10/95 HPs)
             Began as a Gnoll Fighter on July 30, 2023.
             Was a High Priest of Okawaru.
             Mangled by a vampire knight
             ... wielding a +0 broad axe
              (22 damage)
             ... in the Dungeon (Sprint VII: "The Pits").
             The game lasted 00:06:57 (2972 turns).

rocky1 the Blocker (Gnoll Fighter)                  Turns: 2972, Time: 00:06:58

Health: -10/95     AC: 27    Str: 24    XL:     11   Next: 25%
Magic:  19/25      EV: 12    Int:  7    God:    Okawaru [*****.]
Gold:   0          SH:  8    Dex: 11    Spells: 30/30 levels left

rFire   . . .        o - +1 flail (heavy)
rCold   . . .        c - +0 buckler
rNeg    . . .        t - +3 plate armour
rPois   .            r - +0 helmet
rElec   .            (no cloak)
rCorr   .            (no gloves)
SInv    .            s - +0 pair of boots
Will    .....        (no amulet)
Stlth   +            p - +3 ring of protection
HPRegen 0.35/turn    i - +3 ring of strength
MPRegen 0.19/turn

%: no teleportation
@: heroic, finesse-ful
A: fangs 1, strong nose, distributed training
a: Renounce Religion, Heroism, Finesse


You were in the Dungeon.
You worshipped Okawaru.
Okawaru was extremely pleased with you.
You visited 1 branch

Inventory:

Hand Weapons
 a - a +1 broad axe of freezing
 b - a +2 morningstar of venom
 d - a +2 whip of electrocution
 o - a +1 heavy flail (weapon)
 u - a +2 scimitar of flaming
Missiles
 m - 7 poisoned darts (quivered)
Armour
 c - a +0 buckler (worn)
 n - the +5 tower shield of Submission {rC- Int+8}
   (Okawaru gifted it to you in the Dungeon)

   Int:       It affects your intelligence (+8).
   rC:        It makes you vulnerable to cold.
 r - a +0 helmet (worn)
 s - a +0 pair of boots (worn)
 t - a +3 plate armour (worn)
Jewellery
 i - a +3 ring of strength (right hand)
 p - a +3 ring of protection (left hand)
Scrolls
 j - a scroll of blinking
 l - 5 scrolls of amnesia
Potions
 e - 9 potions of curing
 f - 4 potions of heal wounds
 g - 2 potions of haste
 h - 4 potions of magic
 k - 2 potions of invisibility
 q - 2 potions of mutation


   Skills:
 + Level 12.1(17.1) Fighting
 + Level 10.2(15.2) Short Blades
 + Level 10.2(15.2) Long Blades
 + Level 10.2(15.2) Axes
 + Level 11.2(16.2) Maces & Flails
 + Level 10.2(15.2) Polearms
 + Level 10.2(15.2) Staves
 + Level 10.2(15.2) Ranged Weapons
 + Level 10.2(15.2) Throwing
 + Level 12.1(17.1) Armour
 + Level 10.2(15.2) Dodging
 + Level 10.2(15.2) Stealth
 + Level 12.1(17.1) Shields
 + Level 10.2(15.2) Unarmed Combat
 + Level 10.2 Spellcasting
 + Level 8.6 Conjurations
 + Level 8.6 Hexes
 + Level 8.6 Summonings
 + Level 8.6 Necromancy
 + Level 8.6 Translocations
 + Level 8.6 Transmutations
 + Level 8.6 Fire Magic
 + Level 8.6 Ice Magic
 + Level 8.6 Air Magic
 + Level 8.6 Earth Magic
 + Level 8.6 Poison Magic
 + Level 11.1 Invocations
 + Level 10.2 Evocations
 + Level 8.6 Shapeshifting


You had 30 spell levels left.
You didn't know any spells.
Your spell library was empty.

Dungeon Overview and Level Annotations

Branches:
Dungeon (1/1)

Altars:
Ashenzari
Cheibriados
Dithmenos
Elyvilon
Fedhas
Gozag
Hepliaklqana
Kikubaaqudgha
Makhleb
Nemelex Xobeh
Okawaru
Qazlal
Ru
Sif Muna
Trog
Uskayaw
Vehumet
Wu Jian
Xom
Yredelemnul
Zin
The Shining One
Jiyva
Lugonu


Innate Abilities, Weirdness & Mutations

You have very sharp teeth.
Your uncanny sense of smell can sniff out nearby items.
Your experience applies equally to all skills.


Message History

You miss the merfolk siren.
The merfolk siren is lightly wounded.
Something hits you but does no damage. Something hits you!
* * * LOW HITPOINT WARNING * * *
Something bites you but does no damage. You block the merfolk siren's attack.
Something hits you but does no damage.
You sock the merfolk siren! You bite the merfolk siren.
The merfolk siren is heavily wounded.
Something hits you.
* * * LOW HITPOINT WARNING * * *
Something hits you but does no damage. Something bites you.
* * * LOW HITPOINT WARNING * * *
Something draws strength from your injuries!
You sock the merfolk siren!
The merfolk siren is almost dead.
You block something's attack.
The merfolk siren chants its luring song.
Something hits you but does no damage. Something hits you!
* * * LOW HITPOINT WARNING * * *
Something bites you but does no damage.
You feel much better.
Something hits you but does no damage. x2
Something bites you but does no damage.
The merfolk siren chants its luring song.
You closely miss the merfolk siren.
The merfolk siren is almost dead.
Something hits you but does no damage. You block something's attack.
Something bites you.
* * * LOW HITPOINT WARNING * * *
Something draws strength from your injuries!
Unknown command.
You sock the merfolk siren!
You break out of your daze!
You kill the merfolk siren!
Okawaru accepts your kill. You block something's attack. Something hits you!
* * * LOW HITPOINT WARNING * * *
Something bites you but does no damage.
You closely miss something. Something hits you but does no damage.
Something hits you!!
You die...

.......+ #......#
.......# ''######
''##### ###########
......# #.........# ∆∆∆
......# #.......# ∆∆∆
#....## ####...####
##''## ###..+...@).#
#....###....##'##{....#
......#....##...##....#
.....)))...'[....+....+
......#....##...## ...#
#..).###....##'## ...#
##)'## ###..+.).+ #..#
#....# ####...### ###
......# #.......# ∆∆


There were no monsters in sight!

Vanquished Creatures
  Erica (D)
  A deep troll (D)
  A sea snake (D)
  Pikel (D)
  A lindwurm (D)
  A phantasmal warrior (D)
  A deep elf zephyrmancer (D)
  A manticore (D)
  2 merfolk sirens (D)
  A black mamba (D)
  A cane toad (D)
  A rime drake (D)
  An ice devil (D)
  A guardian mummy (D)
  A red devil (D)
  A polar bear (D)
  A tarantella (D)
  3 blink frogs (D)
  A shadow (D)
  A floating eye (D)
  An ogre (D)
  2 centaurs (D)
  A kobold brigand (D)
  A gnoll sergeant (D)
  A bullfrog (D)
  2 necrophages (D)
  3 wights (D)
  A crimson imp (D)
  A jelly (D)
  5 gnolls (D)
  2 river rats (D)
  A bat skeleton (D)
  2 endoplasms (D)
  2 giant cockroaches (D)
  A hobgoblin (D)
  2 jackals (D)
  A quokka (D)
  A ball python (D)
  A bat (D)
54 creatures vanquished.

Vanquished Creatures (others)
  A hobgoblin (D)
1 creature vanquished.

Grand Total: 55 creatures vanquished

Notes
Turn   | Place    | Note
-------+----------+-------------------------------------------
     0 | D        | rocky1 the Gnoll Fighter began the quest for the Orb.
     0 | D        | Reached XP level 1. HP: 23/23 MP: 1/1
    18 | D        | Found a bloodstained altar of Trog.
    18 | D        | Found a shimmering blue altar of Sif Muna.
    18 | D        | Found a viscous altar of Jiyva.
    18 | D        | Found a hazy altar of Hepliaklqana.
    18 | D        | Found an opulent altar of Gozag.
    19 | D        | Found a glowing golden altar of the Shining One.
    19 | D        | Found a glowing silver altar of Zin.
    19 | D        | Found a basalt altar of Yredelemnul.
    19 | D        | Found a shimmering altar of Xom.
    19 | D        | Found an ornate altar of the Wu Jian Council.
    19 | D        | Found a sacrificial altar of Ru.
    19 | D        | Found a stormy altar of Qazlal.
    19 | D        | Found an iron altar of Okawaru.
    19 | D        | Found a sparkling altar of Nemelex Xobeh.
    19 | D        | Found a burning altar of Makhleb.
    19 | D        | Found a blossoming altar of Fedhas.
    19 | D        | Found a white marble altar of Elyvilon.
    19 | D        | Found a shadowy altar of Dithmenos.
    19 | D        | Found a snail-covered altar of Cheibriados.
    22 | D        | Found a corrupted altar of Lugonu.
    22 | D        | Found a radiant altar of Vehumet.
    23 | D        | Found an ancient bone altar of Kikubaaqudgha.
    23 | D        | Found a hide-covered altar of Uskayaw.
    23 | D        | Found a broken altar of Ashenzari.
    27 | D        | Became a worshipper of Warmaster Okawaru
    65 | D        | Reached skill level 1 in Invocations
    70 | D        | Reached skill level 1 in Short Blades
    70 | D        | Reached skill level 1 in Long Blades
    70 | D        | Reached skill level 1 in Axes
    70 | D        | Reached skill level 1 in Polearms
    70 | D        | Reached skill level 1 in Staves
    70 | D        | Reached skill level 1 in Ranged Weapons
    70 | D        | Reached skill level 1 in Throwing
    70 | D        | Reached skill level 1 in Dodging
    70 | D        | Reached skill level 1 in Stealth
    70 | D        | Reached skill level 1 in Unarmed Combat
    70 | D        | Reached skill level 1 in Spellcasting
    70 | D        | Reached skill level 1 in Evocations
    94 | D        | Reached XP level 2. HP: 29/29 MP: 3/3
    96 | D        | Noticed a kobold brigand
   108 | D        | Reached skill level 1 in Conjurations
   108 | D        | Reached skill level 1 in Hexes
   108 | D        | Reached skill level 1 in Summonings
   108 | D        | Reached skill level 1 in Necromancy
   108 | D        | Reached skill level 1 in Translocations
   108 | D        | Reached skill level 1 in Transmutations
   108 | D        | Reached skill level 1 in Fire Magic
   108 | D        | Reached skill level 1 in Ice Magic
   108 | D        | Reached skill level 1 in Air Magic
   108 | D        | Reached skill level 1 in Earth Magic
   108 | D        | Reached skill level 1 in Poison Magic
   108 | D        | Reached skill level 1 in Shapeshifting
   121 | D        | Killed a kobold brigand
   122 | D        | Reached skill level 5 in Maces & Flails
   122 | D        | Reached XP level 3. HP: 35/36 MP: 4/7
   122 | D        | Reached XP level 4. HP: 41/43 MP: 4/8
   339 | D        | Noticed a lemure
   339 | D        | Noticed a lemure
   339 | D        | Noticed a centaur
   339 | D        | Noticed Pikel
   349 | D        | Reached * piety under Okawaru
   350 | D        | Reached XP level 5. HP: 45/48 MP: 8/10
   352 | D        | Noticed a lemure
   356 | D        | Killed a centaur
   357 | D        | Reached XP level 6. HP: 38/56 MP: 9/12
   361 | D        | Killed Pikel
   361 | D        | Reached ** piety under Okawaru
   362 | D        | Reached skill level 5 in Short Blades
   362 | D        | Reached skill level 5 in Long Blades
   362 | D        | Reached skill level 5 in Axes
   362 | D        | Reached skill level 5 in Polearms
   362 | D        | Reached skill level 5 in Staves
   362 | D        | Reached skill level 5 in Ranged Weapons
   362 | D        | Reached skill level 5 in Throwing
   362 | D        | Reached skill level 5 in Dodging
   362 | D        | Reached skill level 5 in Stealth
   362 | D        | Reached skill level 5 in Unarmed Combat
   362 | D        | Reached skill level 5 in Spellcasting
   362 | D        | Reached skill level 5 in Evocations
   362 | D        | Reached XP level 7. HP: 38/63 MP: 10/15
   365 | D        | Reached skill level 5 in Conjurations
   365 | D        | Reached skill level 5 in Hexes
   365 | D        | Reached skill level 5 in Summonings
   365 | D        | Reached skill level 5 in Necromancy
   365 | D        | Reached skill level 5 in Translocations
   365 | D        | Reached skill level 5 in Transmutations
   365 | D        | Reached skill level 5 in Fire Magic
   365 | D        | Reached skill level 5 in Ice Magic
   365 | D        | Reached skill level 5 in Air Magic
   365 | D        | Reached skill level 5 in Earth Magic
   365 | D        | Reached skill level 5 in Poison Magic
   365 | D        | Reached skill level 5 in Shapeshifting
   366 | D        | Reached *** piety under Okawaru
   373 | D        | Reached XP level 8. HP: 48/71 MP: 12/17
   649 | D        | Noticed a manticore
   656 | D        | Killed a manticore
  1010 | D        | Noticed a rime drake
  1010 | D        | Noticed a sea snake
  1020 | D        | Killed a sea snake
  1020 | D        | Reached **** piety under Okawaru
  1021 | D        | Reached skill level 10 in Fighting
  1021 | D        | Reached skill level 10 in Armour
  1021 | D        | Reached skill level 10 in Shields
  1021 | D        | Reached XP level 9. HP: 78/78 MP: 17/20
  1025 | D        | Killed a rime drake
  1159 | D        | Noticed a polar bear
  1184 | D        | Killed a polar bear
  1380 | D        | Reached ***** piety under Okawaru
  1390 | D        | Identified the +5 tower shield of Submission {rC- Int+8}
                  | (Okawaru gifted it to you in the Dungeon)
  1390 | D        | Received a gift from Okawaru
  1454 | D        | Noticed a red devil
  1454 | D        | Noticed an ice devil
  1467 | D        | Killed an ice devil
  1468 | D        | Reached XP level 10. HP: 38/86 MP: 22/22
  1849 | D        | Noticed a merfolk siren
  1874 | D        | Killed a merfolk siren
  1875 | D        | Reached skill level 10 in Maces & Flails
  2183 | D        | Noticed a phantasmal warrior
  2195 | D        | Killed a phantasmal warrior
  2196 | D        | Reached skill level 10 in Invocations
  2475 | D        | Noticed a deep elf zephyrmancer
  2501 | D        | Killed a deep elf zephyrmancer
  2683 | D        | Noticed Erica
  2683 | D        | Noticed a cane toad
  2683 | D        | Noticed a lindwurm
  2691 | D        | Killed a cane toad
  2698 | D        | Killed Erica
  2699 | D        | Reached XP level 11. HP: 46/95 MP: 24/24
  2707 | D        | Killed a lindwurm
  2939 | D        | Noticed a deep troll
  2939 | D        | Noticed a vampire knight
  2956 | D        | Killed a deep troll
  2957 | D        | Reached skill level 10 in Short Blades
  2957 | D        | Reached skill level 10 in Long Blades
  2957 | D        | Reached skill level 10 in Axes
  2957 | D        | Reached skill level 10 in Polearms
  2957 | D        | Reached skill level 10 in Staves
  2957 | D        | Reached skill level 10 in Ranged Weapons
  2957 | D        | Reached skill level 10 in Throwing
  2957 | D        | Reached skill level 10 in Dodging
  2957 | D        | Reached skill level 10 in Stealth
  2957 | D        | Reached skill level 10 in Unarmed Combat
  2957 | D        | Reached skill level 10 in Spellcasting
  2957 | D        | Reached skill level 10 in Evocations
  2968 | D        | HP: 4/95 [something (16)]
  2972 | D        | Mangled by a vampire knight

Illustrated notes

Levels and vault maps discovered:
D:        pitsprint [storerooms_1, entrance_room_1, metal_vault_2, armoury_1,
          mini_pit_1, grid_room_1, main_hall_1, silver_pit, the_coven_3,
          the_vestibule_1, steel_vault_4, golden_pit, hallway_of_sentries,
          crystal_vault_6, iron_vault_4, final_vault]

Skill      XL: |  1  2  3  4  5  6  7  8  9 10 11 |
---------------+----------------------------------+-----
Invocations    | 1 3 4 6 8 9 10 11 | 11.1
Short Blades   | 1 2 3 4 5 6 7 8 9 10 | 10.2
Long Blades    | 1 2 3 4 5 6 7 8 9 10 | 10.2
Axes           | 1 2 3 4 5 6 7 8 9 10 | 10.2
Polearms       | 1 2 3 4 5 6 7 8 9 10 | 10.2
Staves         | 1 2 3 4 5 6 7 8 9 10 | 10.2
Ranged Weapons | 1 2 3 4 5 6 7 8 9 10 | 10.2
Throwing       | 1 2 3 4 5 6 7 8 9 10 | 10.2
Dodging        | 1 2 3 4 5 6 7 8 9 10 | 10.2
Stealth        | 1 2 3 4 5 6 7 8 9 10 | 10.2
Unarmed Combat | 1 2 3 4 5 6 7 8 9 10 | 10.2
Spellcasting   | 1 2 3 4 5 6 7 8 9 10 | 10.2
Evocations     | 1 2 3 4 5 6 7 8 9 10 | 10.2
Conjurations   | 2 3 4 5 6 7 8 |  8.6
Hexes          | 2 3 4 5 6 7 8 |  8.6
Summonings     | 2 3 4 5 6 7 8 |  8.6
Necromancy     | 2 3 4 5 6 7 8 |  8.6
Translocations | 2 3 4 5 6 7 8 |  8.6
Transmutations | 2 3 4 5 6 7 8 |  8.6
Fire Magic     | 2 3 4 5 6 7 8 |  8.6
Ice Magic      | 2 3 4 5 6 7 8 |  8.6
Air Magic      | 2 3 4 5 6 7 8 |  8.6
Earth Magic    | 2 3 4 5 6 7 8 |  8.6
Poison Magic   | 2 3 4 5 6 7 8 |  8.6
Shapeshifting  | 2 3 4 5 6 7 8 |  8.6
Fighting       | 7 8 9 10 11 12 | 12.1
Maces & Flails | 5 6 7 8 9 10 11 | 11.2
Armour         | 7 8 9 10 11 12 | 12.1
Shields        | 7 8 9 10 11 12 | 12.1

Action                     |  1- 3 |  4- 6 |  7- 9 | 10-12 || total
---------------------------+-------+-------+-------+-------++-------
  Melee: Flail             |    30 |    12 |    46 |    13 ||   101
         Bite              |     1 |     1 |     8 |    22 ||    32
         Morningstar       |       |       |    30 |   101 ||   131
 Invoke: Heroism           |       |       |     1 |     1 ||     2
         Finesse           |       |       |       |     1 ||     1
    Use: Potion            |     1 |     2 |     4 |     5 ||    12
 Armour: Scale mail        |    10 |       |       |       ||    10
         Plate armour      |       |    12 |    60 |    80 ||   152
  Dodge: Dodged            |    17 |     9 |    38 |    51 ||   115
  Block: Buckler           |     5 |     4 |    31 |    50 ||    90

Table legend: (Time is in decaauts)
 A = Elapsed time spent in this place.
 B = Non-inter-level travel time spent in this place.
 C = Inter-level travel time spent in this place.
 D = Time resting spent in this place.
 E = Time spent auto-exploring this place.
 F = Levels seen in this place.
 G = Mean time per level.
                   A        B        C        D        E       F      G
               +--------+--------+--------+--------+--------+-----+--------+
         Total |   3018 |   2955 |     63 |   2272 |      0 |   1 | 3018.0 |
       Dungeon |   3018 |   2955 |     63 |   2272 |      0 |   1 | 3018.0 |
               +--------+--------+--------+--------+--------+-----+--------+

Top non-repeatable levels by time:
       D: 3018 daAuts
